 Dungeon Crawl Stone Soup version 0.13.1-17-g0f9d4ff (webtiles) character file.

540 Lilouch the Covered (level 6, -1/48 HPs)
             Began as a Mummy Fighter on Dec 16, 2013.
             Slain by an orc wizard
             ... wielding a +0,+0 orcish battleaxe
              (7 damage)
             ... on Level 4 of the Dungeon.
             The game lasted 00:05:10 (2801 turns).

Lilouch the Covered (Mummy Fighter)                 Turns: 2801, Time: 00:05:10

HP  -1/48        AC  9     Str 21      XL: 6   Next: 58%
MP   5/5         EV  6     Int  7      God:
Gold 130         SH 19     Dex 11      Spells:  0 memorised,  5 levels left

Res.Fire  : x . .   See Invis. : .   a - +0 trident
Res.Cold  : + + .   Warding    : .   s - +0 dwarf scale mail {rC+}
Life Prot.: + + +   Conserve   : .   c - +0 shield
Res.Poison: +       Res.Corr.  : .   (no helmet)
Res.Elec. : .       Clarity    : .   (no cloak)
Sust.Abil.: . .     Spirit.Shd : .   f - +0 pair of gloves
Res.Mut.  : .       Stasis     : .   (no boots)
Res.Rott. : +       Flight     : .   (no amulet)
Saprovore : . . .                    (no ring)
                                     (no ring)

@: somewhat resistant to hostile enchantments, extremely unstealthy
A: no food or potions, fire vulnerability, restore body, cold resistance 1, life
protection 3, poison resistance, torment resistance, unbreathing
a: no special abilities


You were on level 4 of the Dungeon.
You were not hungry.

You visited 1 branch of the dungeon, and saw 4 of its levels.

You collected 110 gold pieces.

Inventory:

Hand weapons
 a - a +0,+0 trident (weapon)
 h - a +0,+2 spear (quivered)
 r - a +2,+2 spear
Armour
 c - a +0 shield (worn)
 f - a +0 pair of gloves (worn)
 s - a +0 dwarven scale mail of cold resistance (worn)
Scrolls
 d - a scroll of amnesia {unknown}
 e - 5 scrolls of identify {unknown}
 g - 2 scrolls of fog {unknown}
 j - a scroll of magic mapping {unknown}
 l - a scroll of remove curse {unknown}
 m - a scroll of blinking {unknown}
 n - a scroll of enchant weapon I {unknown}
 o - a scroll of curse jewellery {unknown}
 p - a scroll of random uselessness {unknown}
 q - a scroll of enchant weapon II {unknown}
Jewellery
 i - a cursed ring of teleportation {unknown}
 k - a cursed ring of teleportation {unknown}


   Skills:
 - Level 3.0 Fighting
 + Level 3.2 Polearms
 * Level 4.7 Armour
 + Level 3.6 Shields


You had 5 spell levels left.
You didn't know any spells.

Dungeon Overview and Level Annotations

Branches:
Dungeon (4/27)
 Temple: D:4-7

Altars:

Annotations:
D:3 Sigmund


Innate Abilities, Weirdness & Mutations

You do not eat or drink.
Your flesh is vulnerable to fire.
Your flesh is cold resistant.
You are immune to negative energy.
Your system is resistant to poisons.
You are immune to unholy pain and torment.
You can survive without breathing.


Message History

You block the orc wizard's attack.
The orc priest calls down the wrath of Beogh upon you.
Something smites you!
* * * LOW HITPOINT WARNING * * *
You closely miss the orc wizard.
The orc wizard is lightly wounded.
You block the orc's attack.
The orc wizard gestures at you while chanting.
The magic dart hits you!
Unknown command.
Your shield prevents you from hitting the orc wizard.
The orc wizard is lightly wounded.
The orc wizard gestures at you while chanting.
The magic dart hits you! The orc closely misses you.
The orc wizard points at you and mumbles some strange words.
The magic dart hits you!
* * * LOW HITPOINT WARNING * * *
The orc hits you but does no damage.
The orc wizard hits you with an orcish battleaxe!
You die...

... .... #....
##....###+##
...........#
...........###
#........@....#
#........o....#
###########oo.#.##..
..................
##...........#..<
#.###.##....#
#....<..#.#....
#...........#..
#.###.#.#...+


You could see an orc priest, an orc wizard and an orc.

Vanquished Creatures
  Grinder (D:3)
  An iguana (D:4)
  Ijyb (D:3)
  Terence (D:3)
  2 adders
  3 gnolls (D:3)
  3 worms
  2 giant geckos (D:1)
  5 giant cockroaches
  11 goblins
  6 hobgoblins
  6 jackals (D:2)
  2 quokkas (D:2)
  7 bats
  4 giant newts
  5 kobolds
  4 rats
64 creatures vanquished.

Notes
Turn   | Place    | Note
--------------------------------------------------------------
     0 | D:1      | Lilouch, the Mummy Fighter, began the quest for the Orb.
     0 | D:1      | Reached XP level 1. HP: 18/18 MP: 0/0
   192 | D:1      | Reached XP level 2. HP: 22/24 MP: 1/1
   590 | D:1      | Reached XP level 3. HP: 22/30 MP: 2/2
  1454 | D:2      | Reached XP level 4. HP: 33/36 MP: 3/3
  1688 | D:3      | Noticed Grinder
  1691 | D:3      | Paralysed by Grinder for 4 turns
  1719 | D:3      | Killed Grinder
  1719 | D:3      | Reached skill level 4 in Armour
  1719 | D:3      | Reached XP level 5. HP: 13/41 MP: 4/4
  1719 | D:3      | Reached XP level 6. HP: 15/48 MP: 5/5
  1837 | D:3      | Noticed Ijyb
  1860 | D:3      | Killed Ijyb
  2007 | D:3      | Noticed Terence
  2018 | D:3      | Killed Terence
  2600 | D:3      | Noticed Sigmund
  2801 | D:4      | Slain by an orc wizard

Action                   |  1- 3 |  4- 6 || total
-------------------------+-------+-------++-------
Melee: Trident           |   168 |   150 ||   318
